[Event "*** Titled Tuesday Blitz"]
[Site "Chess.com"]
[Date "2019.07.02"]
[Round "7"]
[White "ClockworkKubrick"]
[Black "ecwinslow"]
[Result "1/2-1/2"]
[WhiteElo "2108"]
[BlackElo "1972"]
[TimeControl "180+2"]
[EndTime "14:36:55 PDT"]
[Termination "Game drawn - insufficient material"]

1. e4 c5 2. Nf3 d6 3. Nc3 a6 4. d3 g6 5. Be2 Bg7 6. O-O Nc6 7. h3 Nf6 8. Nh2 e5 9. f4 exf4 10. Bxf4 h6 11. Qd2 Nd4 12. Rae1 Be6 13. Bd1 Nh5 14.
Be3 Qh4 15. Bxh5 Qxh5 16. Nd5 Bxd5 17. exd5 O-O 18. Ng4 Nf5 19. Bf4 Rad8 20. c3 Kh7 21. Kh2 g5 22. Bxg5 Qxg5 23. Qxg5 hxg5 24. Rxf5 Kg6 25. Rf2 f5 26. Ne3 Be5+ 27. g3 f4 28. gxf4 Bxf4+ 29. Kg2 Rde8 30. Nc2 Rxe1 31. Nxe1 Re8 32.
Nf3 b5 33. Kf1 Re3 34. d4 cxd4 35. h4 g4 36. Nxd4 Bg3 37. Re2 Rxe2 38. Kxe2 Bxh4 39. Ne6 Kf5 40. Nc7 Ke5 41. b3 Bd8 42. Nxa6 Kxd5 43.
Nb4+ Ke4 44. Nd3 Bb6 45. a4 bxa4 46. bxa4 g3 47. Ne1 Kd5 48. Kd3 Kc5 49. Ng2 Ba5 50. Nf4 d5 51. Ng2 Bd8 52. Nf4 Bf6 53. a5 Kb5 54. Nxd5 Bxc3 55. Nxc3+ Kxa5 56. Ke2 Kb4 57. Kf3 g2 58. Kxg2 1/2-1/2

[Event "*** Titled Tuesday Blitz"]
[Site "Chess.com"]
[Date "2019.07.02"]
[Round "7"]
[White "MateSchmate"]
[Black "M1711"]
[Result "0-1"]
[WhiteElo "2365"]
[BlackElo "2502"]
[TimeControl "180+2"]
[EndTime "14:36:56 PDT"]
[Termination "M1711 won by checkmate"]

1. e4 c5 2. Nf3 e6 3. d4 cxd4 4. Nxd4 Nc6 5. c4 Nf6 6. Nc3 Bb4 7. Nxc6 bxc6 8. Bd3 e5 9. O-O O-O 10. Be3 d6 11. f3 Be6 12. Qc2 h6 13. Rfd1 Qe7 14. a3 Ba5 15. Na4 Rfd8 16. b4 Bc7 17. Nc3 Rac8 18.
Bxa7 d5 19. Bc5 Bd6 20. Bxd6 Qxd6 21. c5 Qe7 22. exd5 cxd5 23. Qf2 d4 24. Ne4 Nd5 25.
Ba6 Ra8 26. b5 f5 27. Nd6 Nc3 28. Rdc1 Rxd6 29. cxd6 Qxd6 30. Qd2 Qb6 31. a4 e4 32. Rxc3 dxc3+ 33. Qf2 e3 34. Qe2 Qc5 35. Rc1 Rd8 36.
b6 Rd2 37. b7 Qb6 38. Rxc3 Rxe2 39. Rc8+ Kh7 40. b8=Q Qxa6 41. Rh8+ Kg6 42. Qg3+ Kf7 43. Qc7+ Kf6 44. Qd8+ Kg6 45. Qe8+ Bf7 46. Rxh6+ gxh6 47. Qe5 Re1# 0-1

[Event "*** Titled Tuesday Blitz"]
[Site "Chess.com"]
[Date "2019.07.02"]
[Round "7"]
[White "Aknok"]
[Black "GelmanAlexander"]
[Result "0-1"]
[WhiteElo "2373"]
[BlackElo "2556"]
[TimeControl "180+2"]
[EndTime "14:36:57 PDT"]
[Termination "GelmanAlexander won by resignation"]

1. d4 Nf6 2. c4 c5 3. d5 b5 4. cxb5 a6 5. e3 e6 6. Nc3 exd5 7. Nxd5 Bb7 8. Nxf6+ Qxf6 9. bxa6 Nxa6 10. Nf3 Bd6 11. Be2 O-O 12. O-O Nb4 13. a3 Nd5 14. Bd2 Rfe8 15.
Rc1 g5 16. h3 h5 17. e4 Nf4 18. Bc3 Qg6 19. e5 g4 20. Nh4 Qg5 21. g3 Nxh3+ 22.
Kh2 Rxe5 23. Bxg4 Rd5 24. Qb3 Bc6 25. Bxh3 Qxh4 26. f4 Qe7 27. Bg2 h4 28. Bxd5 hxg3+ 29. Kxg3 Qe3+ 30. Rf3 Qxc1 31. Bxf7+ Kf8 32. Bd5 Qg1+ 33.
Kh4 Qh2+ 34. Kg4 Qg2+ 35. Rg3 Qxd5 36. Qc2 Ra4 37. Qf5+ Qxf5+ 38. Kxf5 Be4+ 39. Kg5 Be7+ 40. Kh6 Ra6+ 41. Kh5 d5 42. Be5 d4 43. Bg7+ Kf7 44.
Be5 d3 45. Rg7+ Ke8 46. Rg8+ Kd7 47. f5 d2 48. f6 d1=Q+ 0-1

[Event "*** Titled Tuesday Blitz"]
[Site "Chess.com"]
[Date "2019.07.02"]
[Round "7"]
[White "CookiesAndIceCream"]
[Black "irregularity"]
[Result "0-1"]
[WhiteElo "2359"]
[BlackElo "2535"]
[TimeControl "180+2"]
[EndTime "14:36:57 PDT"]
[Termination "irregularity won by resignation"]

1. e4 d6 2. d4 Nf6 3. Nc3 g6 4. Nf3 Bg7 5. Be2 O-O 6. O-O Bg4 7. Ng5 Bxe2 8. Qxe2 Nc6 9. Rd1 e5 10. dxe5 Nxe5 11.
f4 Nc6 12. e5 Nd7 13. e6 Nd4 14. exf7+ Kh8 15. Qf2 h6 16. Be3 hxg5 17. Bxd4 Rxf7 18. Bxg7+ Kxg7 19. Qd4+ Kg8 20. Nd5 c6 21. Nc3 d5 22.
Rf1 gxf4 23. Rxf4 Rxf4 24. Qxf4 Qb6+ 25. Qf2 Qxb2 26. Rf1 Rf8 27. Qd4 Rxf1+ 28. Kxf1 Qxc2 29. Ne2 Qb1+ 30. Kf2 Qb6 31. Ke3 Kf7 32. h4 Nf6 33.
Qxb6 axb6 34. Kf4 Ne4 35. g4 b5 36. Ke5 b4 37. h5 gxh5 38. gxh5 Nc3 39. Nf4 Nxa2 40.
Ne6 b3 41. h6 Kg6 42. Nf4+ Kxh6 43. Nd3 Nb4 44. Nb2 Kg5 45. Kd4 Kf4 46. Kc3 c5 47. Kxb3 Ke4 48. Kc3 b5 49. Nd1 d4+ 50. Kd2 Nd5 51. Nf2+ Kf3 52. Nd3 c4 53. Ne5+ Ke4 54.
Nc6 c3+ 55. Kc2 Ne3+ 56. Kc1 d3 0-1

[Event "*** Titled Tuesday Blitz"]
[Site "Chess.com"]
[Date "2019.07.02"]
[Round "7"]
[White "pandamaster3000"]
[Black "GeorgeTen"]
[Result "1-0"]
[WhiteElo "2287"]
[BlackElo "2224"]
[TimeControl "180+2"]
[EndTime "14:37:05 PDT"]
[Termination "pandamaster3000 won by resignation"]

1. e4 c6 2. d4 d5 3. Nc3 dxe4 4. Nxe4 Bf5 5. Ng3 Bg6 6. Nh3 e6 7. Nf4 Bd6 8. c3 Nf6 9. Bc4 Qc7 10. Qf3 Nbd7 11.
Bxe6 fxe6 12. Nxe6 Qa5 13. Nxg7+ Kf7 14. N7f5 Rae8+ 15. Be3 Bxg3 16. Nh6+ Kg7 17. hxg3 Rhf8 18. O-O Nd5 19. Qg4 N7f6 20. Nf5+ Kh8 21. Qh3 Nxc3 22. Nh4 Ne2+ 23. Kh1 Qh5 24. Rfe1 Ng4 25. Nxg6+ Qxg6 26. Rxe2 Rxe3 27. fxe3 Nf2+ 28. Rxf2 Rxf2 29. Qc8+ Kg7 30. Qc7+ Rf7 31. Qe5+ Kg8 32. Qe8+ Kg7 33. Qe5+ Kg8 34. Rc1 Qh6+ 35. Kg1 Qf6 36. Qxf6 Rxf6 37. Rf1 Re6 38. Rf3 Kg7 39. Kf2 Kg6 40. Rf4 Kg5 41. Kf3 h5 42.
Re4 Rf6+ 43. Ke2 b6 44. a4 a5 45. Re5+ Kg4 46. d5 cxd5 47. Rxd5 Kxg3 48. Rxh5 Kxg2 49. Rg5+ Kh3 50. e4 Kh4 51. Rg1 Rc6 52. Kd3 Rd6+ 53.
Kc4 Rd2 54. b3 Re2 55. Kd5 Rd2+ 56. Kc6 Rb2 57. e5 Rxb3 58. e6 Re3 59. Kd7 Rd3+ 60.
Ke8 Rd4 61. e7 Rxa4 62. Kf8 Re4 63. e8=Q Rxe8+ 64. Kxe8 a4 65. Kd7 a3 66. Kc6 1-0

[Event "*** Titled Tuesday Blitz"]
[Site "Chess.com"]
[Date "2019.07.02"]
[Round "7"]
[White "fidezivkovic"]
[Black "Maili15"]
[Result "0-1"]
[WhiteElo "2241"]
[BlackElo "2266"]
[TimeControl "180+2"]
[EndTime "14:37:07 PDT"]
[Termination "Maili15 won on time"]

1. e4 c5 2. Nc3 d6 3. f4 Nc6 4.
Nf3 Nf6 5. Bb5 Bd7 6. O-O a6 7.
Bxc6 Bxc6 8. d3 g6 9. Qe1 Bg7 10. f5 Qd7 11. Qg3 b5 12. Bd2 b4 13. Ne2 Nh5 14. Qh3 Bxb2 15. Rab1 Bg7 16. g4 Nf6 17. Nf4 h5 18. g5 Nh7 19. fxg6 fxg6 20. Qxd7+ Kxd7 21. Nxg6 Rhg8 22. Nf4 Nxg5 23. Nxg5 Bd4+ 24. Kh1 Rxg5 25.
Ne2 Rg4 26. Nxd4 cxd4 27. Rxb4 d5 28. e5 Ke6 29. Rb6 Rc8 30. Bb4 a5 31. Ba3 Rc7 32.
Re1 Rg5 33. Ra6 a4 34. Bc5 Rxe5 35. Rxe5+ Kxe5 36. Bxe7 Rxe7 37. Rxc6 Kf4 38. Kg2 Ke3 39. Kg3 Rg7+ 40. Kh4 Rg2 41. h3 Rh2 42. Kxh5 Rxh3+ 43. Kg5 Rf3 44. Rc5 Kd2 45. Rxd5 Kxc2 46. Rxd4 a3 0-1

[Event "*** Titled Tuesday Blitz"]
[Site "Chess.com"]
[Date "2019.07.02"]
[Round "7"]
[White "WilliamSchill"]
[Black "Perecke"]
[Result "0-1"]
[WhiteElo "1954"]
[BlackElo "2040"]
[TimeControl "180+2"]
[EndTime "14:37:08 PDT"]
[Termination "Perecke won by resignation"]

1. e4 c5 2. Nf3 e6 3. d4 cxd4 4. Nxd4 Nc6 5. Nc3 Qc7 6. Nxc6 bxc6 7. Bd3 Nf6 8. Qe2 d5 9. O-O Bb4 10. e5 Nd7 11. f4 O-O 12. Na4 c5 13. c4 d4 14. Qe4 g6 15. Qxa8 Bb7 16. Qxa7 Ra8 17. Qxa8+ Bxa8 18. b3 Qc6 19. Rf2 f6 20. Re2 fxe5 21.
Be4 Qc8 22. Bxa8 Qxa8 23. fxe5 d3 24. Re3 d2 25. Bb2 Qf8 26. Rf3 Qg7 27. Rd1 g5 28.
Re3 Qg6 29. Kf1 Qf5+ 30. Ke2 Qg4+ 31. Rf3 Qxg2+ 32. Rf2 Qe4+ 33. Kf1 Nxe5 34. Bxe5 Qe1+ 35.
Kg2 Qxd1 36. Nb2 Qg4+ 37. Kf1 d1=Q+ 38. Nxd1 Qxd1+ 39. Kg2 Qg4+ 40. Kf1 Qe4 41. Re2 Qh1+ 42. Kf2 h5 43. Ke3 Qc1+ 44. Kf2 g4 45. Kg2 Qg5 46. Kg3 h4+ 47. Kg2 Bd2 0-1

[Event "*** Titled Tuesday Blitz"]
[Site "Chess.com"]
[Date "2019.07.02"]
[Round "7"]
[White "Naruto-K"]
[Black "BlueWizzard"]
[Result "0-1"]
[WhiteElo "2531"]
[BlackElo "2708"]
[TimeControl "180+2"]
[EndTime "14:37:09 PDT"]
[Termination "BlueWizzard won by resignation"]

1. Nf3 d6 2. d4 Nf6 3. c4 g6 4. Nc3 Bg7 5. e4 O-O 6. Be2 Nbd7 7. O-O e5 8. Qc2 Qe8 9. Rd1 a6 10. a3 Kh8 11. b4 exd4 12. Nxd4 Ne5 13. Bb2 Bg4 14. f3 Be6 15. Nd5 Rc8 16. Rac1 Nh5 17. f4 Bxd5 18. fxe5 Bc6 19. Nxc6 Qxc6 20. Bxh5 gxh5 21.
exd6 cxd6 22. Rd5 f6 23. Rxh5 Kg8 24. Rd5 Rfe8 25. Qd3 Re6 26. Rh5 Qxe4 27. Qxe4 Rxe4 28. c5 Re2 29. Bd4 Rd2 30. Bf2 Kf7 31. Kf1 Kg6 32. Rh3 dxc5 33. Rxc5 Rxc5 34. Bxc5 Ra2 35. Rg3+ Kf7 36.
Re3 Bh6 37. Re7+ Kg6 38. Rxb7 Rxa3 39. Ke2 Bf4 40. h3 Be5 41. Rb6 h5 42. Rb7 Kf5 43.
Rd7 Ke4 44. Rd2 Rg3 45. Kf2 Rb3 46. Ra2 Rb2+ 47. Rxb2 Bxb2 48. Ke2 Bc3 49. Be7 f5 50. Bc5 Bd4 51. Be7 Kf4 52. Bd6+ Ke4 53. Be7 Be5 54. Bc5 Bg3 55. Be7 Ke5 56. Kd3 Kd5 57.
Bc5 Be1 58. Be7 Bf2 59. Bf8 Ke5 60. Bc5 Bxc5 0-1

[Event "*** Titled Tuesday Blitz"]
[Site "Chess.com"]
[Date "2019.07.02"]
[Round "7"]
[White "telarubo96"]
[Black "marianokar"]
[Result "0-1"]
[WhiteElo "2316"]
[BlackElo "2455"]
[TimeControl "180+2"]
[EndTime "14:37:11 PDT"]
[Termination "marianokar won by resignation"]

1. e4 c5 2. Nf3 d6 3. Bb5+ Nd7 4. d4 cxd4 5. Qxd4 a6 6. Bxd7+ Bxd7 7. Nc3 e5 8. Qd3 h6 9. O-O Nf6 10. Be3 Rc8 11. a4 Be7 12. a5 Be6 13. Nd2 O-O 14.
Rfd1 Qc7 15. Bb6 Qc6 16. Nf1 Nd7 17. Ne3 Nxb6 18. axb6 g6 19. Ned5 Bd8 20. Rac1 Kg7 21. f4 Bxb6+ 22. Kh1 exf4 23. Ne7 Qd7 24. Nxc8 Rxc8 25. Nd5 Ba7 26. c4 Bxd5 27. Qxd5 Be3 28.
Rc2 Rc6 29. e5 Qf5 30. Re2 Qxe5 31. Qxe5+ dxe5 32. g3 Rxc4 33. Kg2 g5 34. g4 e4 35. Rxe3 fxe3 36. Rd7 Rc2+ 37. Kg3 Rxb2 38. h4 gxh4+ 39. Kh3 e2 40. g5 hxg5 41. Rd5 e1=Q 42. Rxg5+ Kf6 43.
Rf5+ Ke6 44. Rf3 Qh1+ 45. Kg4 Qxf3+ 46. Kg5 Rb5+ 47. Kh6 Qf4+ 48. Kg7 Qg5+ 49. Kf8 Qd8+ 50. Kg7 Rg5+ 51. Kh6 Qf6+ 0-1

[Event "*** Titled Tuesday Blitz"]
[Site "Chess.com"]
[Date "2019.07.02"]
[Round "7"]
[White "Walter_White_Poland"]
[Black "doons21"]
[Result "1-0"]
[WhiteElo "2315"]
[BlackElo "2420"]
[TimeControl "180+2"]
[EndTime "14:37:15 PDT"]
[Termination "Walter_White_Poland won by checkmate"]

1. Nf3 Nf6 2. c4 g6 3. g3 Bg7 4.
Bg2 O-O 5. O-O d6 6. Nc3 c6 7.
Rb1 a5 8. a3 e5 9. d3 h6 10. b4 axb4 11. axb4 Be6 12. Qc2 Qd7 13. b5 Bh3 14. bxc6 bxc6 15. Bd2 Bxg2 16. Kxg2 Re8 17. e4 d5 18. Rb6 d4 19. Na4 Qa7 20. Ra1 Qxb6 21.
Nxb6 Rxa1 22. c5 Nbd7 23. Nc4 Bf8 24. Qb2 Ra7 25. Nd6 Re6 26. Qc1 Ra8 27. Bxh6 Bxd6 28. cxd6 Rxd6 29. Bg5 Re6 30. Qc4 Kg7 31. Bd2 Rc8 32.
Ng5 Re7 33. Bb4 c5 34. Ba3 Nh7 35. Nxh7 Kxh7 36. Qa6 Ree8 37. Qd6 Nf8 38. Qf6 Rc7 39. Qh4+ Kg7 40. Bc1 Ne6 41. Bh6+ Kg8 42. Qf6 c4 43. f4 Kh7 44. f5 Kxh6 45. fxe6 Rxe6 46. Qd8 Ra7 47.
Qh8+ Kg5 48. Qh4# 1-0

[Event "*** Titled Tuesday Blitz"]
[Site "Chess.com"]
[Date "2019.07.02"]
[Round "7"]
[White "Berardino"]
[Black "Artur0208"]
[Result "1-0"]
[WhiteElo "2553"]
[BlackElo "2741"]
[TimeControl "180+2"]
[EndTime "14:37:16 PDT"]
[Termination "Berardino won by resignation"]

1. d4 c5 2. d5 Nf6 3. Nc3 a6 4. a4 e5 5. e4 d6 6. Be2 g6 7.
Nf3 Bg7 8. O-O O-O 9. Nd2 Nbd7 10. Nc4 Nb6 11. Ne3 Bd7 12. a5 Nc8 13. Bd2 Na7 14. Nc4 Nb5 15. f3 Qc7 16. Na4 Rae8 17. Nab6 Kh8 18.
c3 Bc8 19. Nxc8 Rxc8 20. Qb3 Nd7 21. Be3 f5 22. Nb6 Nxb6 23. axb6 Qd7 24. Ra5 fxe4 25. fxe4 Rxf1+ 26. Bxf1 Rf8 27. Bxb5 axb5 28. Qxb5 Qg4 29. Qd3 h5 30. Ra7 h4 31. h3 Qg3 32. Qe2 Rf7 33. Ra8+ Kh7 34. Rd8 Bf8 35. Rc8 Bh6 36. Bxh6 Kxh6 37. Rc7 Rf4 38. Rxb7 Rf6 39. Rd7 Qf4 40.
Qe1 Qg5 41. b7 Rf8 42. Rc7 Rb8 43. b4 Qf4 44. bxc5 dxc5 45. d6 Qf6 46. d7 c4 47.
Rc8 Rxb7 48. d8=Q 1-0

[Event "*** Titled Tuesday Blitz"]
[Site "Chess.com"]
[Date "2019.07.02"]
[Round "7"]
[White "Oleksandr_Bortnyk"]
[Black "Mikhail_Golubev"]
[Result "1-0"]
[WhiteElo "2941"]
[BlackElo "2559"]
[TimeControl "180+2"]
[EndTime "14:37:17 PDT"]
[Termination "Oleksandr_Bortnyk won by resignation"]

1. d4 Nf6 2. Nc3 d5 3. Bf4 e6 4.
Nb5 Na6 5. e3 Be7 6. Nf3 O-O 7.
Ne5 Bd7 8. Nxd7 Qxd7 9. Nc3 c5 10. Bxa6 bxa6 11. O-O Rfc8 12. a3 cxd4 13. Qxd4 Rc4 14. Qd3 Rac8 15. Rfd1 Qc6 16. Ne2 Qb7 17. Be5 Ne4 18.
f3 Nc5 19. Qd2 Na4 20. Rdc1 f6 21. b3 R4c6 22. Bd4 e5 23. Bxe5 fxe5 24. Qxd5+ Kh8 25.
bxa4 Qb6 26. Qb3 Bc5 27. Qxb6 Bxb6 28. Kf2 Rxc2 29. Rxc2 Rxc2 30. Rc1 Rxc1 31. Nxc1 Bc5 32. Nd3 Bd6 33. Nb2 Kg8 34. Nc4 Bc7 35. Ke2 Kf7 36.
Kd3 Ke6 37. Ke4 Bb8 38. h4 Bc7 39. h5 Bb8 40. g4 Bc7 41. g5 Bd8 42. f4 exf4 43.
exf4 h6 44. f5+ Kd7 45. f6 gxf6 46. gxh6 Ke6 47. Ne3 f5+ 48. Nxf5 Bf6 49. Nd4+ Kf7 50. Nf3 Bb2 51. Kf5 Bxa3 52. Ng5+ Kf8 53. Kg6 Bb2 54.
h7 1-0

[Event "*** Titled Tuesday Blitz"]
[Site "Chess.com"]
[Date "2019.07.02"]
[Round "7"]
[White "LisikValera"]
[Black "CalinGheorghiu"]
[Result "1-0"]
[WhiteElo "2452"]
[BlackElo "2288"]
[TimeControl "180+2"]
[EndTime "14:37:17 PDT"]
[Termination "LisikValera won by resignation"]

1. d4 Nf6 2. c4 e6 3. Nc3 Bb4 4. Nf3 O-O 5. Bg5 d5 6. e3 Nbd7 7. cxd5 exd5 8. Bd3 c6 9. O-O Re8 10. Qc2 Nf8 11. Ne5 Ng6 12. f4 c5 13. a3 cxd4 14. exd4 Ba5 15. Bxf6 Qxf6 16. Nxd5 Qd6 17. Bxg6 hxg6 18.
Qc5 Qxc5 19. dxc5 Be6 20. Ne3 Bc7 21. Rfe1 f6 22. Nxg6 Bf7 23. f5 Rad8 24. Nf1 Bxg6 25. fxg6 Be5 26. g3 Bxb2 27. Rxe8+ Rxe8 28. Rb1 Bxa3 29.
Rxb7 Bxc5+ 30. Kg2 a5 31. Rc7 Bb4 32. Kf3 a4 33.
Ra7 a3 34. Ra4 Bc5 35. Ra5 Bf8 36. Ne3 Rb8 37. Nf5 Bb4 38. Ra4 Kf8 39. h4 Bc5 40. Ra5 Bb6 41. Ra6 Bc7 42. Rxa3 Be5 43. Ra7 Rb3+ 44.
Kg4 Rb4+ 45. Kh3 Rb3 46. Ra8+ Bb8 47. h5 Ke8 48. Kh4 Kd7 49. h6 gxh6 50. g7 Rb4+ 51. Kh5 1-0

[Event "*** Titled Tuesday Blitz"]
[Site "Chess.com"]
[Date "2019.07.02"]
[Round "7"]
[White "AlexanderKing"]
[Black "axvesik"]
[Result "1/2-1/2"]
[WhiteElo "2516"]
[BlackElo "2451"]
[TimeControl "180+2"]
[EndTime "14:37:19 PDT"]
[Termination "Game drawn by agreement"]

1. d4 Nf6 2. c4 e6 3. Nc3 Bb4 4. e3 O-O 5. Bd3 d5 6. Nf3 c5 7.
O-O Nc6 8. cxd5 exd5 9. dxc5 Bg4 10. Na4 Qe7 11. a3 Bxc5 12. Nxc5 Qxc5 13. b4 Qe7 14.
Bb2 Ne4 15. Be2 Rac8 16. Rc1 Rfd8 17. h3 Bxf3 18. Bxf3 Ne5 19. Rxc8 Rxc8 20. Bxe4 dxe4 21. Qd4 f6 22. Qxe4 Rc4 23. Qd5+ Qf7 24. Qd8+ Qf8 25. Qxf8+ Kxf8 26. Rd1 Ke7 27. Rd2 Rc6 28. Bd4 Ra6 29.
Rc2 Kd6 30. Rc3 b5 31. Bxe5+ fxe5 32. Kf1 Ra4 33. Ke2 a5 34. bxa5 Rxa5 35. Kd3 Ra4 36. f3 b4 37. axb4 Rxb4 38. Ra3 Ke6 39. g4 Kf6 40. h4 h5 41. Ra6+ Kf7 42. gxh5 Rxh4 43.
Ra5 Rxh5 44. Ke4 Rh4+ 45. Kf5 g6+ 46. Kg5 Rh5+ 47. Kg4 Rf5 48. Ra6 Kg7 49. Ra7+ Kh6 50. Ra1 Rg5+ 51. Kh4 Rh5+ 52. Kg3 Rg5+ 53. Kf2 Rf5 54. Ra5 e4 55. Rxf5 gxf5 56. fxe4 fxe4 57. Kg2 Kg6 58. Kh3 Kh5 59. Kg3 Kg5 60. Kh3 Kh5 61.
Kg3 1/2-1/2

[Event "*** Titled Tuesday Blitz"]
[Site "Chess.com"]
[Date "2019.07.02"]
[Round "7"]
[White "Er_is_geen_hoop_meer"]
[Black "DerSchachaffe"]
[Result "0-1"]
[WhiteElo "2349"]
[BlackElo "2451"]
[TimeControl "180+2"]
[EndTime "14:37:22 PDT"]
[Termination "DerSchachaffe won by resignation"]

1. c4 e5 2. e3 Nf6 3. a3 c6 4.
Nf3 e4 5. Nd4 d5 6. cxd5 cxd5 7.
d3 Bc5 8. Be2 O-O 9. O-O Qe7 10. b3 Qe5 11. dxe4 dxe4 12. Bb2 Bd6 13. g3 Bh3 14. Re1 Qg5 15. Nf5 Bc5 16. b4 Qxf5 17.
bxc5 Ng4 18. Bxg4 Bxg4 19. Qd4 f6 20. Nc3 Nd7 21. Qxe4 Nxc5 22. Qxf5 Bxf5 23. Nd5 Kf7 24. Rac1 Rac8 25. Nb4 a5 26. Bd4 Nb3 27. Rxc8 Rxc8 28.
Nd5 Rd8 29. Nc7 Nxd4 30. exd4 Rxd4 31. Kg2 Be4+ 32. Kh3 g5 33. Nb5 Bf5+ 34. Kg2 Rd5 35. a4 Bc2 36. Rc1 Bxa4 37. Rc7+ Kg6 38. Nc3 Rd4 39. h4 Bc6+ 40. Kf1 gxh4 41. gxh4 Rxh4 42. Ke2 a4 43. Rc8 Rc4 44. Kd3 Rc5 45. Rg8+ Kf7 46. Rh8 Kg7 47. Ra8 Rf5 48. Ke3 Rf3+ 49. Kd4 Rxf2 50.
Ke3 Rf3+ 51. Kd4 Rf4+ 52. Ke3 Rc4 53. Ne2 b5 54. Nd4 Bxa8 55. Nf5+ Kg6 0-1

[Event "*** Titled Tuesday Blitz"]
[Site "Chess.com"]
[Date "2019.07.02"]
[Round "7"]
[White "DoHoChess"]
[Black "TregubovP"]
[Result "0-1"]
[WhiteElo "2548"]
[BlackElo "2541"]
[TimeControl "180+2"]
[EndTime "14:37:22 PDT"]
[Termination "TregubovP won by resignation"]

1. e4 c5 2. Nf3 e6 3. d3 Nc6 4.
g3 g6 5. Bg2 Bg7 6. O-O Nge7 7.
Re1 d6 8. c3 O-O 9. d4 d5 10.
e5 b6 11. h4 h6 12. Bf4 f6 13. exf6 Rxf6 14. Ne5 Rxf4 15. gxf4 Nxe5 16. fxe5 Nf5 17. h5 Qg5 18. Qf3 gxh5 19. dxc5 bxc5 20. c4 Bb7 21. Nc3 Rf8 22. cxd5 Nh4 23. Qg3 Nxg2 24. Qxg2 exd5 25. Qxg5 hxg5 26. Rad1 d4 27. Ne4 Rf4 28. Nxc5 Rg4+ 29.
Kf1 Bg2+ 30. Ke2 Bxe5 31. Kd3 Bd6 32. b4 h4 33. Re6 Bf4 34. Rde1 h3 35. Nd7 Rh4 36.
Re8+ Kg7 37. R1e7+ Kg6 38. Nf8+ Kf5 39. Rf7+ Kg4 40.
Ng6 h2 41. Re1 Rh3+ 42. Kxd4 h1=Q 43. Rxh1 Rxh1 44. Nxf4 gxf4 45. Rxa7 Kf3 46. Rf7 Rd1+ 47. Kc5 Bf1 48. a4 Rd2 49. b5 Rxf2 50. b6 Rc2+ 51. Kd6 Rb2 52. b7 Ba6 53. Rf5 Bxb7 54. Kc7 Be4 55. Rf6 Ke3 56. a5 f3 57. a6 f2 58.
a7 Rb7+ 59. Kc8 Rxa7 0-1

[Event "*** Titled Tuesday Blitz"]
[Site "Chess.com"]
[Date "2019.07.02"]
[Round "7"]
[White "evgenyermolaev"]
[Black "VFernandezB"]
[Result "1-0"]
[WhiteElo "2501"]
[BlackElo "2351"]
[TimeControl "180+2"]
[EndTime "14:37:22 PDT"]
[Termination "evgenyermolaev won by resignation"]

1. Nf3 g6 2. g3 Nf6 3. Bg2 Bg7 4. h4 h5 5. d4 d5 6. Bg5 Ne4 7. Bf4 c5 8. c3 cxd4 9. cxd4 Nc6 10. Nc3 Nxc3 11.
bxc3 Qa5 12. Qd2 O-O 13. O-O Bf5 14. Bh6 Be4 15. Bxg7 Kxg7 16. Ng5 Bxg2 17. Kxg2 e6 18. Rab1 b6 19. e4 dxe4 20. Nxe4 Qd5 21. f3 e5 22. Qg5 f6 23. Qc1 exd4 24. cxd4 Rac8 25.
Rd1 Rfe8 26. Qf4 Re6 27. Rbc1 Rce8 28. Nc3 Qa5 29. d5 Re2+ 30. Nxe2 Rxe2+ 31. Kh3 Ne7 32. d6 Qxa2 33. Rh1 Qe6+ 34. g4 Nd5 35. Rc7+ Nxc7 36. dxc7 Rc2 37. Rc1 hxg4+ 38. Kg3 Rxc1 39. Qxc1 Qd6+ 40.
Qf4 Qc6 41. fxg4 b5 42. g5 fxg5 43. Qe5+ Kf7 44. hxg5 Kg8 45. Qe7 Qc3+ 46. Kf4 Qd4+ 47. Qe4 Qd2+ 48. Qe3 Qd6+ 49. Qe5 Qd2+ 50. Kg4 Qd7+ 51.
Kh4 b4 52. Qc5 Qc8 53. Qe7 Qf5 54. Qd8+ Kh7 55. c8=Q Qf2+ 56. Kg4 Qe2+ 57. Kf4 Qf2+ 58. Ke4 Qe2+ 59. Kd4 Qd2+ 60. Kc4 Qc2+ 61. Kb5 Qe2+ 62. Kxb4 Qb2+ 63. Kc5 Qc3+ 64. Kd6 Qd4+ 65. Kc7 Qc5+ 66.
Kb8 Qf8 67. Qxf8 1-0

[Event "*** Titled Tuesday Blitz"]
[Site "Chess.com"]
[Date "2019.07.02"]
[Round "7"]
[White "VeraNebolsina"]
[Black "WarlordX"]
[Result "1/2-1/2"]
[WhiteElo "2382"]
[BlackElo "2391"]
[TimeControl "180+2"]
[EndTime "14:37:27 PDT"]
[Termination "Game drawn by repetition"]

1. e4 c5 2. Nc3 Nc6 3. Bb5 Nd4 4.
Nf3 Nxb5 5. Nxb5 a6 6. Nc3 d6 7.
d4 cxd4 8. Qxd4 Nf6 9. O-O Bg4 10.
Nd2 e5 11. Qd3 Be7 12. Nc4 Qc7 13. Ne3 Be6 14. Ned5 Nxd5 15. Nxd5 Bxd5 16. Qxd5 O-O 17. c4 Rfc8 18. b3 Qc6 19. Rd1 b5 20. cxb5 axb5 21. Be3 g6 22. g3 Kg7 23. Qd3 Ra6 24. Rdc1 Qb7 25. Rxc8 Qxc8 26. Qxb5 Qa8 27. a4 Ra5 28. Qd7 Bf6 29. b4 Ra6 30. a5 h5 31. Qb5 h4 32. Qd5 Qd8 33. Rc1 h3 34. Bb6 Qb8 35. Rc7 Qe8 36. Qd3 Ra8 37. Qc4 Bd8 38. Rb7 Bxb6 39.
Rxb6 Qa4 40. Qf1 Qc2 41. Rxd6 Qxe4 42. Qxh3 Qxb4 43. Rd1 Rxa5 44. Qg2 Ra2 45. Qf3 Qb2 46.
Kg2 Ra3 47. Qe4 Ra2 48. Rf1 Ra5 49. h4 Rb5 50. h5 Rb4 51. Qd5 gxh5 52. Qd8 h4 53.
Qg5+ Kh7 54. Rh1 Qe2 55. Rxh4+ Rxh4 56. Qxh4+ Kg7 57. Qg5+ Kf8 58. Qd8+ Kg7 59. Qg5+ Kh7 60. Qh4+ Kg8 61. Qg5+ Kf8 62. Qd8+ Kg7 63. Qg5+ 1/2-1/2

[Event "*** Titled Tuesday Blitz"]
[Site "Chess.com"]
[Date "2019.07.02"]
[Round "7"]
[White "moro182"]
[Black "AbasovN"]
[Result "1/2-1/2"]
[WhiteElo "2803"]
[BlackElo "2880"]
[TimeControl "180+2"]
[EndTime "14:37:30 PDT"]
[Termination "Game drawn - insufficient material"]

1. d4 Nf6 2. c4 e6 3. Nc3 d5 4.
cxd5 exd5 5. Bg5 Be7 6. e3 Nbd7 7. Bd3 c6 8. h3 Nf8 9. Nf3 Ne6 10. Bh4 O-O 11.
Qc2 g6 12. O-O Ng7 13. Bxf6 Bxf6 14. b4 a6 15. a4 Bf5 16. b5 a5 17. bxc6 bxc6 18. Rab1 Rc8 19. Ne2 Qd7 20. Nf4 Rfe8 21. Rfc1 h5 22. Bxf5 Nxf5 23. Nd3 Be7 24. Nfe5 Qe6 25.
Rb6 Ba3 26. Ra1 Bd6 27. Nf4 Qe7 28. Rxc6 Nxe3 29. fxe3 Rxc6 30. Qxc6 Bxe5 31. Nxd5 Qe6 32. Rc1 Bg7 33. Qxe6 fxe6 34. Rc8 Rxc8 35. Ne7+ Kf7 36. Nxc8 e5 37. d5 Bf8 38. Nb6 e4 39. Nc4 Bb4 40. Kf2 g5 41. Ke2 g4 42. hxg4 hxg4 43.
Nd2 Kf6 44. Nxe4+ Ke5 45. Nf2 Kxd5 46. Nxg4 Kc4 47. Ne5+ Kb3 48. Kd3 Kxa4 49. Kc4 Ka3 50. g4 Bd2 51. Nd3 Bxe3 52. Kc3 a4 53. Nb2 Bd4+ 54. Kxd4 Kxb2 55. g5 a3 56. g6 a2 57. g7 a1=Q 58. g8=Q Kc2+ 59. Ke4 Qe1+ 60. Kf5 Qf2+ 61. Kg6 Qg3+ 62. Kf7 Qxg8+ 63. Kxg8 1/2-1/2

[Event "*** Titled Tuesday Blitz"]
[Site "Chess.com"]
[Date "2019.07.02"]
[Round "7"]
[White "Gabix_94"]
[Black "KamilPlichta"]
[Result "0-1"]
[WhiteElo "2683"]
[BlackElo "2795"]
[TimeControl "180+2"]
[EndTime "14:37:30 PDT"]
[Termination "KamilPlichta won on time"]

1. Nf3 g6 2. d4 Bg7 3. e4 c5 4. dxc5 Qa5+ 5. c3 Qxc5 6. Na3 Nf6 7. Nb5 b6 8. Be3 Qc6 9. Nfd4 Qb7 10. e5 Nd5 11. Bc4 Nxe3 12. fxe3 O-O 13. O-O a6 14. Bxf7+ Rxf7 15. Rxf7 Kxf7 16. Qb3+ d5 17. exd6+ e6 18.
Rf1+ Bf6 19. Nc7 Qe4 20. Nxa8 Bb7 21. Nf3 Qxe3+ 22. Kh1 Bxa8 23. Re1 Qd3 24. Qxe6+ Kg7 25. Ne5 Qd2 26. Qf7+ Kh6 27. Ng4+ Kg5 28. Qxf6+ Kxg4 29. h3+ Kh5 30. Rg1 Nd7 31. Qg7 Qxd6 32. Qxh7+ Kg5 33. Qh8 Be4 34. Qd8+ Kf4 35. Qh4+ Ke5 36. Re1 Nf6 37.
Qg5+ Ke6 38. Qxg6 Qe5 39. Rxe4 Qxe4 40. Qg3 Qb1+ 41. Kh2 Qxb2 42. Qe3+ Kf7 43. a4 Qb3 44. g4 Qe6 45. Qd4 Qe2+ 46. Kg3 Ne4+ 47. Kf4 Nf6 48. Kg3 b5 49. axb5 axb5 50. g5 Ne8 51. Qd5+ Kf8 52. Qxb5 Qxb5 0-1

[Event "*** Titled Tuesday Blitz"]
[Site "Chess.com"]
[Date "2019.07.02"]
[Round "7"]
[White "novocane"]
[Black "Spring199"]
[Result "1-0"]
[WhiteElo "2254"]
[BlackElo "2186"]
[TimeControl "180+2"]
[EndTime "14:37:30 PDT"]
[Termination "novocane won by checkmate"]

1. d4 Nf6 2. c4 e6 3. Nc3 Bb4 4. e3 d5 5. a3 Bxc3+ 6. bxc3 O-O 7. Nf3 c5 8. cxd5 exd5 9. Bd3 b6 10. Qe2 Ne4 11. Bxe4 dxe4 12. Nd2 cxd4 13. cxd4 Ba6 14. Qh5 Nc6 15. Bb2 Qe7 16. d5 Na5 17. Qe5 Qxe5 18. Bxe5 Rfe8 19. Bg3 Rad8 20. O-O-O Rxd5 21. Nxe4 Rc8+ 22. Kb2 Rb5+ 23. Ka1 Nb3+ 24. Ka2 Rc2+ 25. Kb1 Rc8 26. Nd6 Nd2+ 27. Ka1 Nb3+ 28. Kb2 Nc5+ 29.
Nxb5 Bxb5 30. Rd2 Na4+ 31. Ka1 h5 32. Rhd1 Kh7 33. Bd6 Rc3 34. Bb4 Rc7 35. Kb1 a5 36. Bd6 Nc3+ 37. Ka1 Rc4 38. Rc1 Ba4 39. Rd3 Nb5 40.
Rxc4 Nxd6 41. Rxd6 b5 42. Rxa4 b4 43. axb4 axb4 44.
Rxb4 g6 45. Rd7 Kg7 46. Rbb7 g5 47. Rxf7+ Kg6 48. Rfc7 g4 49. h4 gxh3 50. gxh3 h4 51. Rc5 Kf6 52. Rb6+ Ke7 53. Rc7+ Kd8 54. Rh7 Kc8 55. Rg6 Kb8 56. Rg8# 1-0